 Dungeon Crawl Stone Soup version 0.28.0-49-g6dfe1f597d (webtiles) character file.

Game seed: 6721806140401361606

21 Spectrina the Ducker (level 2, 0/18 HPs)
             Began as a Deep Elf Monk on May 15, 2022.
             Slain by a kobold
             ... wielding a +0 dagger
              (4 damage)
             ... on level 1 of the Dungeon.
             The game lasted 00:03:42 (518 turns).

Spectrina the Ducker (Deep Elf Monk)                 Turns: 518, Time: 00:03:42

Health: 0/18       AC:  2    Str:  8    XL:     2   Next: 62%
Magic:  4/4        EV: 13    Int: 14    God:
Gold:   0          SH:  0    Dex: 17    Spells: 1/1 levels left

rFire   . . .      SeeInvis .   a - +0 spear
rCold   . . .      Faith    .   (no shield)
rNeg    . . .      Spirit   .   b - +0 robe
rPois   .          Reflect  .   (no helmet)
rElec   .          Harm     .   (no cloak)
rCorr   .          Rampage  .   (no gloves)
Will    .....                   (no boots)
Stlth   ++........              (no amulet)
HPRegen 0.06/turn               (no ring)
MPRegen 0.09/turn               (no ring)

@: no status effects
A: no striking features
a: no special abilities


You were on level 1 of the Dungeon.
You visited 1 branch of the dungeon, and saw 3 of its levels.

Inventory:

Hand Weapons
 a - a +0 spear (weapon)
Missiles
 c - 33 stones (quivered)
 d - 21 bolts
Armour
 b - a +0 robe (worn)
 g - an orb of guile
Scrolls
 e - 2 scrolls of identify {unknown}
Potions
 f - a potion of curing {unknown}
 h - a potion of ambrosia {unknown}


   Skills:
 - Level 2.4 Fighting
 + Level 3.0 Polearms
 - Level 3.6 Dodging
 - Level 2.4 Stealth


You had one spell level left.
You didn't know any spells.
Your spell library was empty.

Dungeon Overview and Level Annotations

Branches:
Dungeon (3/15)

Altars:

Annotations:
D:3 1 runed translucent door, Kazon's ghost, weakling DgFE


Message History

You reach to attack!
You barely miss the bat. The bat closely misses you. The bat barely misses you.
You miss the bat. The bat closely misses you.
You hit the bat.
The bat is severely wounded.
The bat hits you but does no damage.
You hit the bat but do no damage.
The bat is severely wounded.
The bat barely misses you.
You hit the bat.
You kill the bat!
A hobgoblin comes into view.
A ball python comes into view.
Reach: a) +0 spear
Press: ? - help, Dir - move target, f - ball python
Aim: a ball python (asleep, about 2% to evade your +0 spear)
You reach to attack!
The helpless ball python fails to defend itself.
You hit the ball python.
The ball python is moderately wounded.
You hit the ball python. You punch the ball python.
The ball python is severely wounded.
The ball python barely misses you. x2; The ball python misses you.
The ball python grabs you. The ball python constricts you.
You escape the ball python's grasp.
Reach: a) +0 spear
Press: ? - help, Dir - move target, f/p - ball python
Aim: a ball python (severely wounded, about 39% to evade your +0 spear)
You reach to attack!
You hit the ball python but do no damage.
The ball python is severely wounded.
You hit the ball python.
You kill the ball python!
Your Polearms skill increases to level 3!
A kobold comes into view. It is wielding a +0 dagger.
The kobold shouts!
The kobold throws a stone.
The stone barely misses you.
You hit the kobold but do no damage. The kobold closely misses you.
You hit the kobold but do no damage. The kobold hits you with a +0 dagger.
You die...

######.# #......###
#.######.. #.# #.# #.#
#.# #.######.# #
#......#.# ##
######.#K# ##. #.#@#
##.⌠ #.#.# ... ##...
#.#..# #...##..⌠.
#.###.# #.. #..... #.#
##.## #..#...... ##.#
#.# #.##......
....#####.##
#.###..... ###
#...>.#######.########
##.#............#.....


You could see a kobold.

Vanquished Creatures
  A dart slug (D:2)
  4 bats
  An endoplasm (D:3)
  A goblin (D:2)
  2 hobgoblins (D:1)
  3 kobolds
  4 ball pythons
  A rat (D:1)
17 creatures vanquished.

Notes
Turn   | Place    | Note
-------+----------+-------------------------------------------
     0 | D:1      | Spectrina the Deep Elf Monk began the quest for the Orb.
     0 | D:1      | Reached XP level 1. HP: 13/13 MP: 3/3
   182 | D:3      | Reached XP level 2. HP: 7/18 MP: 4/4
   207 | D:3      | Noticed Kazon's ghost (weakling DgFE)
   268 | D:3      | Found a runed translucent door.
   518 | D:1      | Slain by a kobold

Illustrated notes

Levels and vault maps discovered:
D:1:      dpeg_arrival_lava_temple_mockup, layout_loops_ring, solitary_fountain,
          serial_bayou_crossing
D:2:      layout_basic, chequers_ecumenical_altar_lobes, uniq_sigmund
D:3:      kennysheep_big_flooded_room, layout_basic,
          hellmonk_ghost_happy_afterlife

Skill      XL: |  1  2 |
---------------+-------+-----
Polearms       | 3 |  3.0
Fighting       | |  2.4
Dodging        | |  3.6
Stealth        | |  2.4

Action                   || total
-------------------------++-------
Melee: Spear             ||    91
       Punch             ||     2
 Stab: Sleeping          ||     7
Armor: Robe              ||    19
Dodge: Dodged            ||    54
